 Dungeon Crawl Stone Soup version 0.31-a0-1002-g8e65716e6e (webtiles) character file.

Game seed: 8282318750313960270

49 CrazyBamboolord the Sneak (level 3, -1/30 HPs)
             Began as a Naga Fire Elementalist on Nov 9, 2023.
             Slain by Natasha (9 damage)
             ... on level 2 of the Dungeon.
             The game lasted 00:04:49 (1775 turns).

CrazyBamboolord the Sneak (Naga Fire Elementalist)  Turns: 1775, Time: 00:04:49

Health: -1/30      AC:  2    Str: 10    XL:     3   Next: 75%
Magic:  6/6        EV: 10    Int: 17    God:
Gold:   111        SH:  0    Dex: 11    Spells: 3/6 levels left

rFire   . . .        i - +0 short sword
rCold   . . .        (no shield)
rNeg    . . .        a - +0 robe
rPois   +            (no helmet)
rElec   .            (no cloak)
rCorr   .            (no gloves)
SInv    +            (no barding)
Will    .....        (no amulet)
Stlth   ++           (no ring)
HPRegen 0.25/turn    (no ring)
MPRegen 0.10/turn

%: no passive effects
@: slowed, very slow
A: AC +1, large, see invisible, deformed body, poison resistance, slowness 2,
spit poison 1, naga tail 1
a: Spit Poison


You were on level 2 of the Dungeon.
You visited 1 branch of the dungeon, and saw 2 of its levels.

You collected 111 gold pieces.

Inventory:

Hand Weapons
 i - a +0 short sword (weapon)
Missiles
 e - 3 atropa-tipped darts
Armour
 a - a +0 robe (worn)
Scrolls
 d - 2 scrolls of identify {unknown}
 g - a scroll of vulnerability {unknown}
Potions
 c - 2 potions of enlightenment {unknown}
 f - a potion of degeneration {unknown}
 h - a potion of might {unknown}


   Skills:
 + Level 0.7 Fighting
 * Level 1.9 Dodging
 * Level 3.6 Stealth
 * Level 2.4 Spellcasting
 * Level 1.6 Conjurations
 * Level 3.3 Fire Magic


You had 3 spell levels left.
You knew the following spells:

 Your Spells              Type           Power      Damage    Failure   Level
a - Foxfire               Conj/Fire      40%        2x1d6     7%          1
b - Scorch                Fire           26%        2d6       8%          2

Your spell library contained the following spells:

 Spells                   Type           Power      Damage    Failure   Level
 Cigotuvi's Dreadful Rot  Necr/Pois/Air  4%         N/A       28%         2
 Inner Flame              Hex/Fire       7%         N/A       28%         3
 Volatile Blastmotes      Fire/Tloc      14%        2d11      28%         3
 Ignite Poison            Fire/Tmut/Pois 5%         N/A       34%         3
 Flame Wave               Conj/Fire      10%        2d6       54%         4
 Freezing Cloud           Conj/Ice/Air   1%         6-21      99%         5


Dungeon Overview and Level Annotations

Branches:
Dungeon (2/15)

Altars:

Annotations:
D:2 1 runed translucent door, Crazy Yiuf, Natasha


Innate Abilities, Weirdness & Mutations

Your serpentine skin is tough. (AC +1)
You have supernaturally acute eyesight. (SInv)
Armour fits poorly on your strangely shaped body.
Your system is resistant to poisons. (rPois)
You cover ground very slowly.
You can spit poison.
You have a snake-like lower body.


Message History

Natasha's front paws start to glow.
Natasha claws you.
Casting: Scorch (safe; 8% risk of failure)
Confirm with . or Enter, or press ? or * to list all spells.
Flames lash Natasha.
Natasha is burned terribly!
Natasha is severely wounded.
Natasha barely misses you. Natasha claws you.
Unknown command.
Casting: Scorch (safe; 8% risk of failure)
Confirm with . or Enter, or press ? or * to list all spells.
You don't have enough magic to cast this spell.
Unknown command.
Your foxfire dissipates!
Natasha barely misses you. Natasha closely misses you.
Natasha is no longer more vulnerable to fire.
Natasha attacks as she pursues you! Natasha barely misses you.
Natasha casts a spell at you. You resist with some effort. Natasha claws you!
Natasha claws you but does no damage.
Casting: Scorch (safe; 8% risk of failure)
Confirm with . or Enter, or press ? or * to list all spells.
Flames lash Natasha.
Natasha is almost dead.
Natasha's fire resistance burns away.
Natasha claws you!
Unknown command.
You feel yourself speed up. Natasha attacks as she pursues you!
Natasha closely misses you. Natasha barely misses you.
Natasha is no longer more vulnerable to fire.
Natasha stares at you and mumbles some strange words.
You feel yourself slow down. Natasha barely misses you.
Natasha attacks as she pursues you! Natasha claws you.
Natasha closely misses you. Natasha claws you.
* * * LOW HITPOINT WARNING * * *
There is a stone staircase leading up here.
Magic courses through your body. Natasha claws you!
You die...
Natasha curls up and begins to purr.

...#♣..♣.P.....#
## ♣♣♣.♣.P#...#
♣♣♣♣♣##.## #.#
####### ##.#
......# #..#
####### ###.##
## ##...########
.# #..##...@h..#
(#
##.##..#####.#
.# ##.....## #.#
(######...####
#.# ...##.....#
#.# ##..>.##.##
#.# ##...##..#
#.# ...#....##
#.# ..###...#
#.#


You could see Natasha.

Vanquished Creatures
  An adder (D:2)
  2 dart slugs (D:1)
  A bat (D:1)
  2 endoplasms (D:1)
  2 giant cockroaches (D:1)
  2 goblins
  4 hobgoblins (D:1)
  2 kobolds (D:1)
  3 quokkas (D:1)
  4 ball pythons
  5 frilled lizards (D:1)
  8 rats
36 creatures vanquished.

Vanquished Creatures (collateral kills)
  A foxfire (D:1)
1 creature vanquished.

Vanquished Creatures (others)
  109 foxfires
109 creatures vanquished.

Grand Total: 146 creatures vanquished

Notes
Turn   | Place    | Note
-------+----------+-------------------------------------------
     0 | D:1      | CrazyBamboolord the Naga Fire Elementalist began the quest
                  | for the Orb.
     0 | D:1      | Reached XP level 1. HP: 15/15 MP: 3/3
   129 | D:1      | Reached XP level 2. HP: 24/24 MP: 0/5
   504 | D:1      | Learned a level 2 spell: Scorch
   697 | D:1      | Reached XP level 3. HP: 30/30 MP: 1/6
  1106 | D:1      | Found a faded altar of an unknown god.
  1733 | D:2      | Found a runed translucent door.
  1734 | D:2      | Noticed Crazy Yiuf
  1761 | D:2      | Noticed Natasha
  1775 | D:2      | Slain by Natasha

Illustrated notes

Levels and vault maps discovered:
D:1:      wander_arrival_peaceful_grave, layout_basic,
          shapermc_ecumenical_altar_ellora
D:2:      layout_rooms, minmay_box_of_dots, uniq_natasha, uniq_terence,
          uniq_crazy_yiuf_cottage

Action                     || total
---------------------------++-------
  Melee: Unarmed           ||    27
   Cast: Foxfire           ||    76
         Scorch            ||     5
    Use: Potion            ||     1
   Stab: Sleeping          ||     2
 Armour: Robe              ||    40
  Dodge: Dodged            ||    34

Table legend: (Time is in decaauts)
 A = Elapsed time spent in this place.
 B = Non-inter-level travel time spent in this place.
 C = Inter-level travel time spent in this place.
 D = Time resting spent in this place.
 E = Time spent auto-exploring this place.
 F = Levels seen in this place.
 G = Mean time per level.
                   A        B        C        D        E       F      G
               +--------+--------+--------+--------+--------+-----+--------+
         Total |   2149 |   2042 |    107 |     61 |   1700 |   2 | 1074.5 |
       Dungeon |   2149 |   2042 |    107 |     61 |   1700 |   2 | 1074.5 |
               +--------+--------+--------+--------+--------+-----+--------+

Top non-repeatable levels by time:
     D:1: 1825 daAuts
     D:2: 323 daAuts
